 Dungeon Crawl Stone Soup version 0.30.0-29-ga12c61a403 (webtiles) character file.

Game seed: 4413745062980386842

35 qw the Chopper (level 3, -3/23 HPs)
             Began as a Gargoyle Fighter on June 4, 2023.
             Killed by nerve-wracking pain
             ... invoked by Jessica
              (6 damage)
             ... on level 2 of the Dungeon.
             The game lasted 00:00:35 (991 turns).

qw the Chopper (Gargoyle Fighter)                    Turns: 991, Time: 00:00:35

Health: -3/23      AC: 10    Str: 21    XL:     3   Next: 35%
Magic:  3/3        EV:  9    Int:  8    God:
Gold:   148        SH:  4    Dex:  9    Spells: 2/2 levels left

rFire   . . .        Y - +0 war axe
rCold   . . .        c - +0 buckler
rNeg    + . .        b - +0 scale mail
rPois   inf          (no helmet)
rElec   +            (no cloak)
rCorr   .            (no gloves)
SInv    .            (no boots)
Will    .....        (no amulet) Stlth
                     (no ring)
HPRegen 0.23/turn    (no ring)
MPRegen 0.08/turn

%: no passive effects
@: slowed, very slow
A: sickness immunity, AC +3, negative energy resistance 1, electricity
resistance, torment resistance 1, petrification resistance
a: no special abilities


You were on level 2 of the Dungeon.
You visited 1 branch of the dungeon, and saw 2 of its levels.

You collected 148 gold pieces.


Innate Abilities, Weirdness & Mutations

You are immune to sickness and miasma.
Your stone body is resilient. (AC +3)
You are immune to poison.
You resist negative energy. (rN+)
You are resistant to electric shocks. (rElec)
You are resistant to unholy torment.
You are immune to petrification.


   Skills:
 - Level 3.2 Fighting
 + Level 3.3 Axes
 - Level 3.2 Armour
 - Level 3.2 Shields


You had 2 spell levels left.
You didn't know any spells.
Your spell library was empty.

Inventory:

Hand Weapons
 f - a +0 morningstar
 Y - a +0 war axe (weapon)
Armour
 a - a +0 chain mail
 b - a +0 scale mail (worn)
 c - a +0 buckler (worn)
Scrolls
 g - 2 scrolls of identify
Potions
 d - a potion of might
 j - a potion of curing {unknown}

Dungeon Overview and Level Annotations

Branches:
Dungeon (2/15)

Altars:

Annotations:
D:2 Jessica


Message History

You feel yourself slow down.
The quokka bites you but does no damage.
Jessica gestures wildly while chanting.
Jessica blinks!
The quokka barely misses you.
You miss the quokka. The bat hits you but does no damage. The quokka bites you.
Jessica mumbles some strange words.
Jessica seems to speed up.
You block the quokka's attack. The bat hits you but does no damage.
You closely miss the bat. You hit the quokka but do no damage.
The bat barely misses you.
Jessica mumbles some strange words.
Jessica blinks!
The quokka bites you but does no damage.
Jessica casts a spell.
Jessica blinks!
The quokka barely misses you. The worm bites you.
You slash the worm!
The worm is heavily wounded.
You completely miss the quokka. You hit the bat.
You kill the bat!
The quokka barely misses you. You block the quokka's attack.
The worm bites you.
The quokka bites you but does no damage.
You hit the worm.
The worm is severely wounded.
You hit the quokka.
You kill the quokka!
Jessica mumbles some strange words.
Jessica blinks!
Jessica points at you and mumbles some strange words.
Pain shoots through your body! Jessica hits you with a +0 dagger.
The worm bites you. Jessica casts a spell at you.
Pain shoots through your body!
You hit Jessica.
Jessica is almost dead.
You hit the worm.
Jessica seems less brilliant.
Jessica hits you with a +0 dagger.
Jessica points at you and mumbles some strange words.
Pain shoots through your body!
You die...

.............##.#
.............##.##
.............##..#
.............###.#
##.........### #.#
.########## #.# .#
#.# .# #.# .. #@#
..# #..@.w.# ...
#........# ...#
###......#
....ยค...#
###......#
#...[..# .#....##


You could see a worm and Jessica (fast).

Vanquished Creatures
  2 dart slugs (D:1)
  3 endoplasms (D:1)
  3 giant cockroaches (D:1)
  2 hobgoblins
  A quokka (D:2)
  2 ball pythons (D:1)
  7 bats
  A frilled lizard (D:1)
  5 goblins
  3 rats (D:1)
29 creatures vanquished.

Notes
Turn   | Place    | Note
-------+----------+-------------------------------------------
     0 | D:1      | qw the Gargoyle Fighter began the quest for the Orb.
     0 | D:1      | Reached XP level 1. HP: 14/14 MP: 1/1
     0 | D:1      | 0 ||| qw: Version: 0.2-a-103-g5a998e5
     0 | D:1      | 0 ||| qw: Game counter: 1128
     0 | D:1      | 0 ||| qw: Always use a shield: true
     0 | D:1      | 0 ||| qw: God list: Okawaru
     0 | D:1      | 0 ||| qw: Allow faded altars: false
     0 | D:1      | 0 ||| qw: Do Orc after D:15 true
     0 | D:1      | 0 ||| qw: Do second Lair branch before Depths: true
     0 | D:1      | 0 ||| qw: Lair rune preference: random
     0 | D:1      | 0 ||| qw: Plans: Normal, Zot:1-4, Slime:5, God:TSO, Crypt,
                  | Tomb, Pan, Hells, Abyss, Win
     0 | D:1      | 0 ||| PLANNING D:1-11
   166 | D:1      | Reached XP level 2. HP: 19/19 MP: 2/2
   322 | D:1      | Reached skill level 3 in Axes
   461 | D:1      | Reached XP level 3. HP: 23/23 MP: 3/3
   575 | D:1      | 575 ||| Stepping ~*~*~tactically~*~*~ (hiding).
   576 | D:1      | 576 ||| Stepping ~*~*~tactically~*~*~ (hiding).
   809 | D:1      | 809 ||| READING scroll labelled QANASO WEORPH.
   810 | D:1      | 810 ||| READING 2 scrolls labelled FOCHOSS UMEL.
   811 | D:1      | 811 ||| READING 2 scrolls labelled YDUSCH KIWA.
   812 | D:1      | 812 ||| READING scroll labelled ULO DIRUESUMP.
   813 | D:1      | 813 ||| DROPPING scroll of fear.
   976 | D:2      | Noticed Jessica
   991 | D:2      | HP: 3/23 [Jessica/+0 dagger (5)]
   991 | D:2      | Killed from afar by Jessica

Levels and vault maps discovered:
D:1:      dpeg_arrival_fog, layout_basic, st_stairs_8
D:2:      layout_rooms, serial_curves, eino_curves_04, eino_curves_01,
          minmay_pentomino_v2, uniq_jessica

Skill      XL: |  1  2 |
---------------+-------+-----
Axes           | 2 3 |  3.3
Fighting       | |  3.2
Armour         | |  3.2
Shields        | |  3.2

Action                     || total
---------------------------++-------
  Melee: War axe           ||    79
    Use: Scroll            ||     4
 Armour: Scale mail        ||    40
  Dodge: Dodged            ||    35
  Block: Buckler           ||    17

Table legend:
 A = Non-vault XP
 B = Vault XP
 C = Vault XP percentage of total XP
 D = Non-vault monster count
 E = Vault monster count
 F = Vault count percentage of total count
                 A         B        C        D         E       F
            +---------+---------+-------+---------+---------+-------
      Total |      49 |       2 |   3.9 |      28 |       1 |   3.4
            +---------+---------+-------+---------+---------+-------
        D:1 |      40 |       2 |   4.8 |      23 |       1 |   4.2
        D:2 |       9 |       0 |   0.0 |       5 |       0 |   0.0
            +---------+---------+-------+---------+---------+-------
